 Dungeon Crawl Stone Soup version 0.20.1-1-g8b1a95d (webtiles) character file.

23 letownia2 the Grave Robber (level 2, 21/22 HPs)
             Began as a Deep Dwarf Necromancer on Nov 2, 2017.
             Quit the game on level 3 of the Dungeon.
             The game lasted 00:01:13 (645 turns).

letownia2 the Grave Robber (Deep Dwarf Necromancer)  Turns: 645, Time: 00:01:14

Health: 21/22      AC:  3    Str: 11    XL:     2   Next: 75%
Magic:  5/5        EV: 12    Int: 15    God:
Gold:   25         SH:  0    Dex: 13    Spells: 4/5 levels left

rFire    . . .     SeeInvis .   a - +1 dagger (holy)
rCold    . . .     Gourm    .   (no shield)
rNeg     . . .     Faith    .   r - +0 leather armour {MR+}
rPois    .         Spirit   .   (no helmet)
rElec    .         Reflect  .   (no cloak)
rCorr    .         Harm     .   (no gloves)
MR       +....                  (no boots)
Stlth    ++........             (no amulet)
Regen    0.0/turn               m - -2 ring of slaying (curse)
MPRegen  0.1/turn               (no ring)

@: non-regenerating
A: damage resistance, heal wounds, sense surroundings 1, no regeneration
a: Heal Wounds


You were on level 3 of the Dungeon.
You were not hungry.

You visited 1 branch of the dungeon, and saw 3 of its levels.

You collected 25 gold pieces.

Inventory:

Hand Weapons
 a - a +1 dagger of holy wrath (weapon)
Missiles
 o - 32 poisoned needles
Armour
 e - a +0 robe
 r - a +0 leather armour of magic resistance (worn)
Jewellery
 m - a cursed -2 ring of slaying (left hand)
Scrolls
 g - 2 scrolls of remove curse {unknown}
 j - a scroll of enchant weapon {unknown}
 l - a scroll of enchant armour {unknown}
 n - a scroll of identify {unknown}
 p - a scroll of amnesia {unknown}
Potions
 d - 2 potions of resistance {unknown}
 i - a potion of heal wounds {unknown}
 k - a potion of ambrosia {unknown}
 q - 2 potions of curing {unknown}
Books
 b - a book of Necromancy

   Spells                             Type                      Level
   a - Pain                           Necromancy                   1
   b - Animate Skeleton               Necromancy                   1
   c - Vampiric Draining              Necromancy                   3
   d - Regeneration                   Charms/Necromancy            3
   e - Animate Dead                   Necromancy                   4
   f - Control Undead                 Necromancy                   4
Comestibles
 c - a bread ration
 f - 3 fruits
 h - a royal jelly


   Skills:
 - Level 2.1 Dodging
 - Level 2.4 Stealth
 + Level 2.2 Spellcasting
 + Level 5.0 Necromancy


You had 4 spell levels left.
You knew the following spells:

 Your Spells              Type           Power        Failure   Level  Hunger
a - Pain                  Necr           ###.         3%          1    #......


Dungeon Overview and Level Annotations

Branches:
Dungeon (3/15)

Altars:


Innate Abilities, Weirdness & Mutations

You are resistant to damage.
You can heal yourself by infusing magical energy.
You passively map a small area around you.
You do not regenerate.


Message History

You finish taking off your +0 robe.
You start putting on your armour.
You continue putting on your glowing leather armour. x5
You finish putting on your +0 leather armour of magic resistance.
You feel resistant to hostile enchantments.
Unknown command.
There is a stone staircase leading down here.
You climb downwards.
You hear the sound of rushing water.
There is an entrance to a sewer on this level.
Hurry and find it before the portal rusts away!
Found a stone staircase leading down.
There is a stone staircase leading up here.
Unknown command.
There is a stone staircase leading down here.
Found a stone staircase leading down.
A giant cockroach comes into view.
A giant cockroach is nearby!
A giant cockroach is nearby!
Autopickup is now off.
Are you sure you want to abandon this character and quit the game? (Confirm with "yes".)

* * #. * # * ..
#. s# #.## .#
#* ...##.#*
,.## #....*
*l.. *#.?# #.#
#####.@###..# *
*....>.......#*
.########.### *
, #.# , * ###>#
* ##...# , *
#<.#.# , #.##.#
, ,, * #.##.#


You could see a giant cockroach (sleeping).

Vanquished Creatures
  2 dart slugs (D:1)
  A leopard gecko (D:2)
  3 bats (D:1)
  4 goblins
  2 hobgoblins
  A quokka (D:2)
  A frilled lizard (D:1)
  2 kobolds
  A rat (D:1)
17 creatures vanquished.

Notes
Turn   | Place    | Note
-------+----------+-------------------------------------------
     0 | D:1      | letownia2 the Deep Dwarf Necromancer began the quest for the Orb.
     0 | D:1      | Reached XP level 1. HP: 15/15 MP: 3/3
   220 | D:1      | Reached XP level 2. HP: 22/22 MP: 0/5
   577 | D:2      | Reached skill level 5 in Necromancy
   645 | D:3      | Quit the game

Skill      XL: |  1  2 |
---------------+-------+-----
Spellcasting   | 2 |  2.2
Necromancy     | 5 |  5.0
Dodging        | |  2.1
Stealth        | |  2.4

Action                   || total
-------------------------++-------
Melee: Unarmed           ||     4
       Dagger            ||     6
 Cast: Pain              ||    26
Armor: Robe              ||     4
Dodge: Dodged            ||     7
